 Dungeon Crawl Stone Soup version 0.22.0-18-ge075c0d (webtiles) character file.

143 NormalPerson7T the Conjurer (level 5, 35/35 HPs)
             Began as a Formicid Conjurer on Aug 18, 2018.
             Quit the game on level 3 of the Dungeon.
             The game lasted 00:03:34 (3761 turns).

NormalPerson7T the Conjurer (Formicid Conjurer)     Turns: 3761, Time: 00:03:35

Health: 35/35      AC:  2    Str: 14    XL:     5   Next: 50%
Magic:  10/10      EV: 12    Int: 14    God:
Gold:   115        SH:  0    Dex: 11    Spells: 8/11 levels left

rFire    . . .     SeeInvis +   s - +2 whip (distort) {!w}
rCold    . . .     Gourm    .   (no shield)
rNeg     . . .     Faith    .   a - +0 robe
rPois    .         Spirit   .   (helmet unavailable)
rElec    .         Reflect  .   (no cloak)
rCorr    .         Harm     .   (no gloves)
MR       .....                  (no boots)
Stlth    ++........             (no amulet)
HPRegen  0.11/turn              (no ring)
MPRegen  0.12/turn              (no ring)

@: no status effects
A: permanent stasis, dig shafts and tunnels, four strong arms, antennae 3
a: Dig, Shaft Self


You were on level 3 of the Dungeon.
You were not hungry.

You visited 1 branch of the dungeon, and saw 3 of its levels.

You collected 115 gold pieces.

Inventory:

Hand Weapons
 h - a +0 dagger
 s - a +2 whip of distortion (weapon) {!w}
Armour
 a - a +0 robe (worn)
Jewellery
 f - an uncursed ring of magical power {unknown}
 r - an uncursed ring of see invisible {unknown}
Wands
 q - a wand of random effects (34)
Scrolls
 d - a scroll of immolation {unknown}
 i - a scroll of fog {unknown}
 j - 2 scrolls of teleportation {unknown}
 k - 2 scrolls of identify {unknown}
 l - a scroll of enchant weapon {unknown}
 m - 3 scrolls of remove curse {unknown}
 o - a scroll of enchant armour {unknown}
 t - a scroll of magic mapping {unknown}
Potions
 b - a potion of lignification {unknown}
 e - a potion of agility {unknown}
 g - a potion of ambrosia {unknown}
 p - 2 potions of curing {unknown}
Comestibles
 c - 9 rations
 n - 2 chunks of flesh


   Skills:
 - Level 1.7 Dodging
 - Level 2.4 Stealth
 + Level 3.5 Spellcasting
 * Level 5.2 Conjurations


You had 8 spell levels left.
You knew the following spells:

 Your Spells              Type           Power        Failure   Level  Hunger
a - Magic Dart            Conj           ###.         2%          1    #......
x - Searing Ray           Conj           ###...       3%          2    ##.....

Your spell library contained the following spells:

 Spells                   Type           Power        Failure   Level  Hunger
 Dazzling Spray           Conj/Hex       #.....       22%         3    ###....
 Iskenderun's Mystic Bla  Conj           ###.....     24%         4    #####..
 Force Lance              Conj/Tloc      #.......     56%         4    #####..
 Fulminant Prism          Conj/Hex       #.........   56%         4    #####..


Dungeon Overview and Level Annotations

Branches:
Dungeon (3/15)

Altars:
Trog
Uskayaw
Xom


Innate Abilities, Weirdness & Mutations

You cannot be hasted, slowed, berserked, paralysed or teleported.
You can dig through walls and to a lower floor.
Your four strong arms can wield two-handed weapons with a shield.
You have a pair of large antennae on your head. (SInv)


Message History

Things that are here:
a dagger; a blowgun; 19 poisoned needles
Found a bloodstained altar of Trog.
There is a bloodstained altar of Trog here.
Things that are here:
a dagger; a blowgun; 19 poisoned needles
Things that are here:
a club; a scale mail; an orc skeleton Key pressed, stopping explore.
You open the door.
There is an open door here.
There is an open door here.
There is a stone staircase leading up here.
There is an open door here.
There is an open door here.
Done exploring.
Done exploring.
Done exploring.
Done exploring.
Are you sure you want to abandon this character and quit the game? (Confirm with "yes".)

#################
#...#.........#.##
######.........###..#.##
.........#.###.###.###.##
#########...##.##.##
##.## #.....#...## ##.# #
##...#####.## ##.## #
##.#######.###.## #
#......@.<.#.## #
#.#########.## # ##'##
#.# # ##...## #.# #####
##.....## #.#
....###.......## ##.##
..#.##.........####...##
.<...'.........+.......#
..#.##.........####...##


There were no monsters in sight!

Vanquished Creatures
  8 adders
  2 oozes (D:2)
  A worm (D:2)
  2 dart slugs
  2 leopard geckos
  3 orcs
  3 giant cockroaches
  4 goblins
  7 hobgoblins
  2 jackals (D:2)
  3 quokkas
  A ball python (D:1)
  3 bats
  2 frilled lizards
  5 kobolds
  7 rats
55 creatures vanquished.

Notes
Turn   | Place    | Note
-------+----------+-------------------------------------------
     0 | D:1      | NormalPerson7T the Formicid Conjurer began the quest for the Orb.
     0 | D:1      | Reached XP level 1. HP: 13/13 MP: 3/3
   327 | D:1      | Reached XP level 2. HP: 19/19 MP: 0/5
   331 | D:1      | Learned a level 2 spell: Searing Ray
   751 | D:1      | Reached skill level 4 in Conjurations
  1309 | D:2      | Reached XP level 3. HP: 24/24 MP: 4/7
  1411 | D:2      | Found a shimmering altar of Xom.
  1729 | D:2      | Reached XP level 4. HP: 30/30 MP: 4/8
  2246 | D:2      | Reached XP level 5. HP: 35/35 MP: 5/9
  2539 | D:3      | Reached skill level 5 in Conjurations
  2822 | D:3      | Found a hide-covered altar of Uskayaw.
  2822 | D:3      | Noticed a hand axe
  2822 | D:3      | Noticed a dagger
  3688 | D:3      | Found a bloodstained altar of Trog.
  3761 | D:3      | Quit the game

Skill      XL: |  1  2  3  4  5 |
---------------+----------------+-----
Conjurations   | 4 5 |  5.2
Spellcasting   | 3 |  3.5
Dodging        | |  1.7
Stealth        | |  2.4

Action                   |  1- 3 |  4- 6 || total
-------------------------+-------+-------++-------
Melee: Dagger            |    14 |     2 ||    16
       Whip              |       |     3 ||     3
 Cast: Magic Dart        |    43 |    67 ||   110
       Searing Ray       |     6 |     2 ||     8
 Stab: Sleeping          |     1 |       ||     1
       Distracted        |       |     1 ||     1
  Eat: Chunk             |     3 |     7 ||    10
Armor: Robe              |     1 |       ||     1
Dodge: Dodged            |    15 |     7 ||    22
